 Dungeon Crawl Stone Soup version 0.31-a0-845-g9abc20d24f (webtiles) character file.

Game seed: 9740259793850833561

5567 Flugkiller the Cutter (level 10, -3/55 HPs)
             Began as a Vine Stalker Gladiator on Oct 1, 2023.
             Was a Follower of Uskayaw.
             Slain by a vampire
             ... wielding a +0 vampiric halberd
              (4 damage)
             ... in a bailey.
             The game lasted 00:06:31 (6778 turns).

Flugkiller the Cutter (Vine Stalker Gladiator)      Turns: 6778, Time: 00:06:32

Health: -3/55      AC:  8    Str: 23    XL:     10   Next: 72%
Magic:  0/25       EV: 17    Int:  8    God:    Uskayaw [*.....]
Gold:   369        SH:  0    Dex: 20    Spells: 9/9 levels left

rFire   . . .        p - +2 short sword (drain)
rCold   . . .        (no shield)
rNeg    . . .        y - +0 steam dragon scales
rPois   .            c - +0 helmet
rElec   .            m - +0 cloak
rCorr   .            n - +0 pair of gloves
SInv    .            (no boots)
Will    +....        (no amulet)
Stlth   ++           u - ring of magical power
HPRegen 1.09/turn    v - +6 ring of strength
MPRegen 0.19/turn

%: guardian spirit
@: about to teleport, studying Ranged Weapons
A: fangs 3, regeneration 1, magic shield, antimagic bite, no potion heal 2
a: Renounce Religion, Stomp


You were in a bailey.
You worshipped Uskayaw.
Uskayaw was noncommittal.
You visited 1 branch of the dungeon, and saw 12 of its levels.
You also visited: Bailey.

You collected 369 gold pieces.

Inventory:

Hand Weapons
 a - a +0 rapier
 p - a +2 short sword of draining (weapon)
   (You took it off a kobold on level 8 of the Dungeon)
Missiles
 d - 3 throwing nets (quivered)
 e - a javelin
 x - a curare-tipped dart
Armour
 c - a +0 helmet (worn)
 j - the +5 ring mail of Zamp {rF- rC+ Str+3}
   (You found it on level 2 of the Dungeon)

   Str+3:     It affects your strength (+3).
   rF-:       It makes you vulnerable to fire.
   rC+:       It protects you from cold.
 m - a +0 cloak (worn)
   (You took it off Crazy Yiuf on level 2 of the Dungeon)
 n - a +0 pair of gloves (worn)
   (You found it on level 2 of the Dungeon)
 y - +0 steam dragon scales (worn)
   (You found it on level 8 of the Dungeon)
Jewellery
 u - a ring of magical power (left hand)
   (You took it off an orc on level 5 of the Dungeon)
 v - a +6 ring of strength (right hand)
   (You found it on level 5 of the Dungeon)
Wands
 b - a wand of iceblast (7)
   (You found it on level 8 of the Dungeon)
 s - a wand of polymorph (4)
   (You took it off Natasha on level 4 of the Dungeon)
Scrolls
 f - a scroll of revelation
 k - 2 scrolls of poison
 l - 2 scrolls of fear
 r - a scroll of identify
 t - 2 scrolls of teleportation
 w - 2 scrolls of brand weapon {unknown}
 z - 2 scrolls of blinking {unknown}
Potions
 g - a potion of ambrosia
 h - a potion of attraction {unknown}
 i - a potion of enlightenment
 o - a potion of lignification {unknown}
 q - 2 potions of curing
 A - a potion of mutation {unknown}
 B - a potion of invisibility {unknown}
 C - 2 potions of haste {unknown}


   Skills:
 + Level 7.6 Fighting
 + Level 7.8 Short Blades
 - Level 1.7 Throwing
 + Level 7.1 Dodging
 + Level 7.2 Invocations


You had 9 spell levels left.
You didn't know any spells.
Your spell library contained the following spells:

 Spells                   Type           Power      Damage    Failure   Level
 Ensorcelled Hibernation  Hex/Ice        0%         N/A       54%         2
 Jinxbite                 Hex            0%         N/A       54%         2
 Passwall                 Tmut/Erth      0%         N/A       54%         2
 Poisonous Vapours        Pois/Air       0%         N/A       54%         2
 Mephitic Cloud           Conj/Pois/Air  0%         N/A       78%         3
 Swiftness                Air            0%         N/A       78%         3
 Anguish                  Hex/Necr       0%         N/A       99%         4
 Freezing Cloud           Conj/Ice/Air   0%         6-21      100%        5


Dungeon Overview and Level Annotations

Branches:
Dungeon (12/15) Zot: 26830  Temple (0/1) D:6          Bailey (1/1) Zot: 5635
   Lair: D:8-11         Orc: D:9-12

Altars:
Ashenzari
Fedhas
Makhleb
Ru
Uskayaw
Vehumet
Wu Jian

Annotations:
D:9 Psyche


Innate Abilities, Weirdness & Mutations

You have razor-sharp teeth.
Your natural rate of healing is unusually fast.
When hurt, damage is shared between your health and your magic reserves.
Your bite disrupts and absorbs the magic of your enemies.
Potions cannot restore your health.


Message History

No target in view!
No target in view!
No target in view!
You see here a +0 trident.
You see here a +0 spear.
There is a large open door here.
You open the door. 2 orc zombies and an orc warrior zombie come into view.
Found a thin runed staff and a ruby potion.
The orc zombie closely misses you.
There is an open door here.
There are monsters nearby!
There are monsters nearby!
The orc zombie hits you with a +0 spear.
The orc zombie completely misses you.
You completely miss the orc zombie. You bite the orc zombie!
You destroy the orc zombie!
The orc warrior zombie hits you from afar with a +0 trident!
You completely miss the orc zombie. The orc zombie completely misses you.
You hit the orc zombie. You bite the orc zombie. You drain its power.
You feel invigorated.
The orc zombie is heavily damaged.
The orc warrior zombie closely misses you.
You puncture the orc zombie!
You destroy the orc zombie!
The orc warrior zombie closely misses you.
You see here a +0 spear.
You hit the orc warrior zombie.
The orc warrior zombie is lightly damaged.
You puncture the orc warrior zombie!
The orc warrior zombie is moderately damaged.
The orc warrior zombie closely misses you.
You hit the orc warrior zombie.
The orc warrior zombie is heavily damaged.
You barely miss the orc warrior zombie. You bite the orc warrior zombie!
You drain its power.
You feel invigorated.
The orc warrior zombie is almost destroyed.
The orc warrior zombie hits you with a +0 trident.
You puncture the orc warrior zombie!
You destroy the orc warrior zombie!
You can now pass through a line of other dancers.
No target in view!
HP restored.
You see here a +0 trident.
You see here a staff of poison.
No target in view!
C - 2 ruby potions (gained 1)
You see here a +0 trident.
You see here a +0 spear.
There is an open door here.
There is a large open door here.
You open the large door.
There is a large open door here.
A vampire comes into view. It is wielding a +0 vampiric halberd.
The vampire mumbles some strange words.
The vampire flickers and vanishes!
Deactivating autopickup; reactivate with Ctrl-A.
There is a strange disturbance nearby!
No target in view!
No target in view!
Found 2 pink potions and a runed dagger.
You hear some strange, mumbled words.
Something tries to affect you, but you resist.
You hit something but do no damage. Your bite misses something.
Something hits you. Something bites you.
Something draws strength from your injuries!
You barely miss something. You miss something. Something barely misses you.
Something bites you!
Something draws strength from your injuries!
You barely miss something. Your punch misses something.
Your bite misses something. Something hits you but does no damage.
Something bites you!
Something draws strength from your injuries!
You hit something but do no damage. You bite something.
You barely miss something. Something closely misses you. x2
You hit something but do no damage. You bite something.
You barely miss something. Your bite misses something. Something hits you!
Something misses you.
You hit something but do no damage. Your bite misses something.
Something hits you! Something barely misses you.
You hit something but do no damage. You completely miss something.
Something hits you. Something barely misses you.
You hit something but do no damage. You miss something. Something hits you.
Something closely misses you.
You hit something but do no damage. Your bite misses something.
Something barely misses you. Something bites you!
* * * LOW HITPOINT WARNING * * *
Something draws strength from your injuries!
You hit something but do no damage. You bite something.
You hit something but do no damage. Your bite misses something.
Something hits you!
* * * LOW HITPOINT WARNING * * *
Something barely misses you.
You hit something but do no damage.
Okay, then.
As you read the scroll of teleportation, it crumbles to dust.
You feel strangely unstable. Something hits you!
* * * LOW HITPOINT WARNING * * *
Something bites you.
You die...

#.........#......#'##
###''##..)##....8#..#
##....##...#######))#
#......##.......8#).#
#...##...#.......8#|.#
#..# ##..#############
#.. ##..# #8..##..8#
##)!{@[[## ##.!!8##
######


There were no monsters in sight!

Vanquished Creatures
  A two-headed ogre (D:10)
  A gargoyle (Bailey)
  Sigmund (D:2)
  A wraith (D:10)
  4 yaks (D:10)
  A steam dragon (D:8)
  A wyvern (D:10)
  Menkaure (D:6)
  A black bear (D:7)
  2 ice beasts (D:8)
  A sky beast (D:6)
  2 orc warriors
  A centaur (D:8)
  4 kobold brigands
  3 bullfrogs
  4 scorpions
  A gnoll sergeant (D:5)
  3 wights (D:8)
  6 killer bees
  8 vampire bats (Bailey)
  A howler monkey (D:10)
  6 wolf zombies (Bailey)
  4 hounds
  Crazy Yiuf (D:2)
  3 orc priests
  A gnoll bouda (D:7)
  A sleepcap (D:4)
  2 iguanas
  Natasha (thrice) (D:4)
  5 orc wizards
  19 gnolls
  8 adders
  3 white imps
  2 ufetubi
  2 worms (D:2)
  4 dart slugs
  29 orcs
  7 ball pythons
  3 endoplasms
  3 giant cockroaches
  10 goblins
  3 hobgoblins (D:2)
  3 jackals (D:4)
  5 quokkas
  5 bats
  3 frilled lizards
  27 kobolds
  19 orc zombies (Bailey)
  2 rats (D:2)
231 creatures vanquished.

Vanquished Creatures (others)
  An orc (D:7)
1 creature vanquished.

Grand Total: 232 creatures vanquished

Notes
Turn   | Place    | Note
-------+----------+-------------------------------------------
     0 | D:1      | Flugkiller the Vine Stalker Gladiator began the quest for
                  | the Orb.
     0 | D:1      | Reached XP level 1. HP: 11/11 MP: 2/2
   549 | D:1      | Reached XP level 2. HP: 15/15 MP: 3/3
   683 | D:2      | Reached XP level 3. HP: 18/18 MP: 2/4
   691 | D:2      | Noticed Sigmund
   717 | D:2      | Identified the +5 ring mail of Zamp {rF- rC+ Str+3}
   757 | D:2      | Killed Sigmund
   758 | D:2      | Reached XP level 4. HP: 14/24 MP: 2/5
   758 | D:2      | Reached XP level 5. HP: 16/28 MP: 2/6
   962 | D:2      | Found a hide-covered altar of Uskayaw.
  1009 | D:2      | Became a worshipper of Uskayaw the Reveller
  1058 | D:2      | Reached * piety under Uskayaw
  1189 | D:2      | Found a runed translucent door.
  1190 | D:2      | Noticed Crazy Yiuf
  1336 | D:2      | Reached ** piety under Uskayaw
  1364 | D:2      | Reached XP level 6. HP: 32/32 MP: 7/7
  1808 | D:2      | Killed Crazy Yiuf
  1809 | D:2      | Reached skill level 1 in Invocations
  1864 | D:2      | Identified the +8 hammer "Gocaink" {freeze, Str+3 Dex+3}
  1945 | D:3      | Found a blossoming altar of Fedhas.
  1978 | D:3      | Found a faded altar of an unknown god.
  2487 | D:4      | Noticed Natasha
  2497 | D:4      | Killed Natasha
  2505 | D:4      | Reached *** piety under Uskayaw
  2508 | D:4      | Reached **** piety under Uskayaw
  2521 | D:4      | Reached ***** piety under Uskayaw
  2575 | D:4      | Noticed Natasha
  2583 | D:4      | Killed Natasha
  2590 | D:4      | Reached XP level 7. HP: 32/37 MP: 9/9
  2673 | D:4      | Noticed Natasha
  2683 | D:4      | Killed Natasha
  2828 | D:5      | Entered Level 5 of the Dungeon
  3167 | D:5      | Found a broken altar of Ashenzari.
  3301 | D:5      | Found a sacrificial altar of Ru.
  3641 | D:5      | Reached skill level 5 in Short Blades
  3641 | D:5      | Gained mutation: You have razor-sharp teeth. [Vine Stalker
                  | growth]
  3641 | D:5      | Reached XP level 8. HP: 40/42 MP: 11/11
  3743 | D:5      | Found an ornate altar of the Wu Jian Council.
  3829 | D:6      | Found a staircase to the Ecumenical Temple.
  4061 | D:6      | Found a radiant altar of Vehumet.
  4163 | D:6      | Noticed Menkaure
  4190 | D:6      | Killed Menkaure
  4191 | D:6      | Reached skill level 5 in Fighting
  4191 | D:6      | Reached skill level 5 in Dodging
  4598 | D:7      | Found a burning altar of Makhleb.
  4735 | D:7      | Reached XP level 9. HP: 47/47 MP: 13/13
  4926 | D:7      | Reached skill level 5 in Invocations
  5955 | D:9      | Noticed Psyche
  6133 | D:9      | You fall into a shaft and drop 3 floors!
  6142 | D:12     | Noticed a cyclops
  6147 | D:12     | Noticed a boulder beetle
  6168 | D:10     | Entered Level 10 of the Dungeon
  6223 | D:10     | Noticed a two-headed ogre
  6236 | D:10     | Killed a two-headed ogre
  6237 | D:10     | Reached XP level 10. HP: 26/53 MP: 14/15
  6350 | D:10     | Found a flagged portal.
  6359 | Bailey   | Entered a bailey
  6556 | Bailey   | Noticed a gargoyle
  6578 | Bailey   | Killed a gargoyle
  6778 | Bailey   | HP: 1/55 [something (10)]
  6778 | Bailey   | Slain by a vampire

Illustrated notes

Levels and vault maps discovered:
D:1:      dpeg_arrival_castle, layout_loops_ring, grunt_decor_arrowhead
D:2:      minmay_skewed_foursquare, layout_basic, basic_altar, minmay_3d_cube,
          uniq_sigmund, uniq_crazy_yiuf_cottage
D:3:      layout_rooms, fedhas_altar_3, dreamdust_ecumenical_altar_grove
D:4:      layout_rooms, st_stairs_13, uniq_natasha
D:5:      layout_loops_corners, kennysheep_little_box, kennysheep_mini,
          kennysheep_mini_moat
D:6:      layout_basic, fiery_altar_vehumet, minmay_temple_entry_arrows,
          uniq_menkaure
D:7:      layout_loops_ring, makhleb_heckhound_becter
D:8:      layout_loops_ring
D:9:      layout_loops_corners, chequers_temple_overflow_minitemple,
          dpeg_oklobed_lair, uniq_psyche
D:10:     minmay_the_grid_triangle_9x9_recursive_2
          [minmay_the_grid_triangle_9x9_prize_insulated,
          minmay_the_grid_triangle_9x9_impossible_snake,
          minmay_the_grid_triangle_9x9_longest,
          minmay_the_grid_triangle_9x9_pentomino_pain], layout_loops_cross,
          gammafunk_temple_overflow_forgotten, enter_bailey_5, uniq_nergalle
D:11:     layout_roguey
D:12:     layout_cave_pools, orc_david_3, serial_shops, shop, shop,
          minmay_hidden_floor
Bailey:   bailey_polearm_vampire_castle_hellmonk, bailey

Skill      XL: |  1  2  3  4  5  6  7  8  9 10 |
---------------+-------------------------------+-----
Fighting       | 2 3 4 5 6 7 |  7.6
Short Blades   | 3 4 5 7 |  7.8
Dodging        | 3 4 5 6 7 |  7.1
Invocations    | 1 3 4 6 7 |  7.2
Throwing       | |  1.7

Action                     |  1- 3 |  4- 6 |  7- 9 | 10-12 || total
---------------------------+-------+-------+-------+-------++-------
  Melee: Rapier            |    55 |   181 |   348 |       ||   584
         Bite              |    10 |    59 |   155 |    79 ||   303
         Punch             |       |       |    11 |     7 ||    18
         Short sword       |       |       |    94 |   203 ||   297
 Invoke: Stomp             |       |       |       |     2 ||     2
         Line Pass         |       |       |       |     1 ||     1
  Evoke: Wand              |       |       |     1 |       ||     1
    Use: Potion            |     3 |       |     1 |     1 ||     5
         Scroll            |       |     2 |     9 |     1 ||    12
   Stab: Paralysed         |       |     3 |    17 |    12 ||    32
         Sleeping          |       |       |     1 |     3 ||     4
         Confused          |       |       |       |     1 ||     1
 Armour: Leather armour    |    47 |       |       |       ||    47
         Ring mail         |       |   104 |   237 |       ||   341
         Steam dragon scal |       |       |    36 |   105 ||   141
  Dodge: Dodged            |    28 |    95 |   278 |   143 ||   544

Table legend: (Time is in decaauts)
 A = Elapsed time spent in this place.
 B = Non-inter-level travel time spent in this place.
 C = Inter-level travel time spent in this place.
 D = Time resting spent in this place.
 E = Time spent auto-exploring this place.
 F = Levels seen in this place.
 G = Mean time per level.
                   A        B        C        D        E       F      G
               +--------+--------+--------+--------+--------+-----+--------+
         Total |   6663 |   6426 |    237 |    380 |   4409 |  13 |  512.5 |
       Dungeon |   6300 |   6063 |    237 |    274 |   4302 |  12 |  525.0 |
        Bailey |    363 |    363 |      0 |    106 |    107 |   1 |  363.0 |
               +--------+--------+--------+--------+--------+-----+--------+

Top non-repeatable levels by time:
     D:2: 1296 daAuts
     D:5: 987 daAuts
     D:7: 761 daAuts
     D:8: 747 daAuts
     D:1: 642 daAuts
     D:6: 524 daAuts
     D:4: 462 daAuts
     D:3: 436 daAuts
  Bailey: 363 daAuts
     D:9: 239 daAuts
    D:10: 169 daAuts
    D:11: 17 daAuts
    D:12: 15 daAuts
